 Dungeon Crawl Stone Soup version 0.27.1-3-gb3d3a73c9e (webtiles) character file.

Game seed: 2864893943530933646

26 Destapler the Thaumaturge (level 3, 0/25 HPs)
             Began as a Gnoll Wanderer on Oct 22, 2021.
             Was a Believer of Jiyva.
             Slain by Crazy Yiuf (15 damage)
             ... on level 2 of the Dungeon.
             The game lasted 00:03:29 (2107 turns).

Destapler the Thaumaturge (Gnoll Wanderer)          Turns: 2107, Time: 00:03:30

Health: 0/25       AC:  2    Str: 11    XL:     3   Next: 8%
Magic:  12/15      EV: 11    Int: 14    God:    Jiyva [**....]
Gold:   22         SH:  0    Dex:  9    Spells: 23/24 levels left

rFire    . . .     SeeInvis .   d - +0 dagger
rCold    . . .     Faith    .   (no shield)
rNeg     . . .     Spirit   .   b - +0 robe
rPois    .         Reflect  .   (no helmet)
rElec    .         Harm     .   (no cloak)
rCorr    .         Rampage  .   (no gloves)
Will     .....                  (no boots)
Stlth    +.........             (no amulet)
HPRegen  0.08/turn              (no ring)
MPRegen  0.14/turn              (no ring)

@: no status effects
A: fangs 1, strong nose, distributed training
a: Renounce Religion, Request Jelly


You were on level 2 of the Dungeon.
You worshipped Jiyva.
Jiyva was pleased with you.
You visited 1 branch of the dungeon, and saw 2 of its levels.

You collected 22 gold pieces.

Inventory:

Hand Weapons
 a - a +0 club
 d - a +0 dagger (weapon)
Armour
 b - a +0 robe (worn)
Wands
 c - a wand of flame (15)
Scrolls
 e - a scroll of summoning {unknown}
 f - a scroll of identify {unknown}
Potions
 g - a potion of ambrosia {unknown}


   Skills:
 + Level 0.6 Fighting
 + Level 0.6 Short Blades
 + Level 0.6 Long Blades
 + Level 0.6 Axes
 + Level 0.6 Maces & Flails
 + Level 0.6 Polearms
 + Level 0.6 Staves
 + Level 0.6 Slings
 + Level 0.6 Bows
 + Level 0.6 Crossbows
 + Level 0.6 Throwing
 + Level 0.6 Armour
 + Level 0.6 Dodging
 + Level 0.6 Stealth
 + Level 0.6 Shields
 + Level 0.6 Unarmed Combat
 + Level 11.2 Spellcasting
 + Level 0.4 Conjurations
 + Level 0.4 Hexes
 + Level 2.1 Summonings
 + Level 0.4 Necromancy
 + Level 0.4 Translocations
 + Level 3.7 Transmutations
 + Level 0.4 Fire Magic
 + Level 0.4 Ice Magic
 + Level 0.4 Air Magic
 + Level 0.4 Earth Magic
 + Level 0.4 Poison Magic
 + Level 0.8 Invocations
 + Level 4.5 Evocations


You had 23 spell levels left.
You knew the following spells:

 Your Spells              Type           Power      Damage    Failure   Level
a - Magic Dart            Conj           36%        1d4       8%          1

Your spell library contained the following spells:

 Spells                   Type           Power      Damage    Failure   Level
 Wereblood                Tmut           18%        N/A       3%          2
 Passwall                 Tmut/Erth      10%        N/A       6%          2
 Dazzling Flash           Conj/Hex       18%        N/A       22%         3


Dungeon Overview and Level Annotations

Branches:
Dungeon (2/15)

Altars:
Jiyva

Annotations:
D:2 Crazy Yiuf


Innate Abilities, Weirdness & Mutations

You have very sharp teeth.
Your uncanny sense of smell can sniff out nearby items.
Your experience applies equally to all skills.


Message History

The magic dart hits the quokka.
The quokka is heavily wounded.
The magic dart hits the quokka.
The quokka is severely wounded.
The magic dart hits the quokka.
You kill the quokka!
You hear a slurping noise.
Found a stone staircase leading down.
Jiyva gurgles merrily.
A quokka comes into view.
The magic dart hits the quokka.
The quokka is heavily wounded.
The quokka misses you.
The magic dart hits the quokka.
The quokka is almost dead.
The quokka bites you.
The magic dart hits the quokka.
You kill the quokka!
HP restored.
You hear a distant slurping noise.
You hear a distant slurping noise.
You hear a distant slurping noise.
You hear a distant slurping noise. x2
You hear a distant slurping noise.
You hear a distant slurping noise.
You hear a distant slurping noise.
You swap places.
Found a mace.
Found a runed translucent door.
Crazy Yiuf shouts!
As you open the door, it creaks loudly!
The magic dart hits Crazy Yiuf but does no damage.
Crazy Yiuf hits you with a +2 quarterstaff of chaos!
Crazy Yiuf freezes you.
The magic dart hits Crazy Yiuf but does no damage.
Crazy Yiuf closely misses you.
The magic dart hits Crazy Yiuf.
Crazy Yiuf is lightly wounded.
Crazy Yiuf hits you with a +2 quarterstaff of chaos!
Ouch! That really hurt!
You die...

#............#####.# #
#.........#..#####.#####
#.......................
##################.#####
#...# #######.### ###
###.#......# #
#...##..#.P.....# ##
#...g@####PP....# ##.
#)..### ##....## #.# ###
###### ##. ## # # #


You could see Crazy Yiuf.

Vanquished Creatures
  A dart slug (D:1)
  2 bats (D:1)
  An endoplasm (D:1)
  4 goblins (D:1)
  2 hobgoblins (D:1)
  4 quokkas
  A ball python (D:1)
  2 kobolds (D:1)
  4 rats
21 creatures vanquished.

Vanquished Creatures (others)
  A jelly (D:2)
  A ball python (D:1)
  An endoplasm (D:2)
  3 giant cockroaches
  A goblin (D:1)
  2 jackals (D:1)
  A frilled lizard (D:1)
10 creatures vanquished.

Grand Total: 31 creatures vanquished

Notes
Turn   | Place    | Note
-------+----------+-------------------------------------------
     0 | D:1      | Reached skill level 11 in Spellcasting
     0 | D:1      | Destapler the Gnoll Wanderer began the quest for the Orb.
     0 | D:1      | Destapler set off with the following items: a +0 club, a +0
                  | robe, a wand of flame (15); and the following spell
                  | memorised: Magic Dart; and the following spells available
                  | to memorise: Wereblood, Passwall, Dazzling Flash
     0 | D:1      | Reached XP level 1. HP: 13/13 MP: 12/12
   388 | D:1      | Reached XP level 2. HP: 19/19 MP: 9/14
   963 | D:1      | Found a faded altar of an unknown god.
   979 | D:1      | Became a worshipper of Jiyva Jeifavet the Shapeless
   979 | D:1      | Reached * piety under Jiyva
  1738 | D:2      | Reached XP level 3. HP: 25/25 MP: 11/15
  1802 | D:2      | Reached ** piety under Jiyva
  2100 | D:2      | Found a runed translucent door.
  2101 | D:2      | Noticed Crazy Yiuf
  2107 | D:2      | Slain by Crazy Yiuf

Illustrated notes

Levels and vault maps discovered:
D:1:      lemuel_arrival_hallway, layout_basic, serial_co_window_serial,
          co_window_corner_a, co_window_corner_a, co_window_corner_a,
          co_window_corner_a, co_window_paths_a, co_window_cross_2,
          co_window_paths_c, co_window_of_opportunity_b,
          co_window_of_opportunity_b, co_window_broadway_a,
          dreamdust_ecumenical_altar_angels_and_demons, hangedman_decor_points
D:2:      layout_loops_cross, uniq_crazy_yiuf_cottage, uniq_natasha

Skill      XL: |  1 |
---------------+----+-----
Spellcasting   | | 11.2
Summonings     | 2 |  2.1
Fighting       | |  0.6
Short Blades   | |  0.6
Long Blades    | |  0.6
Axes           | |  0.6
Maces & Flails | |  0.6
Polearms       | |  0.6
Staves         | |  0.6
Slings         | |  0.6
Bows           | |  0.6
Crossbows      | |  0.6
Throwing       | |  0.6
Armour         | |  0.6
Dodging        | |  0.6
Stealth        | |  0.6
Shields        | |  0.6
Unarmed Combat | |  0.6
Conjurations   | |  0.4
Hexes          | |  0.4
Necromancy     | |  0.4
Translocations | |  0.4
Transmutations | |  3.7
Fire Magic     | |  0.4
Ice Magic      | |  0.4
Air Magic      | |  0.4
Earth Magic    | |  0.4
Poison Magic   | |  0.4
Invocations    | |  0.8
Evocations     | |  4.5

Action                   || total
-------------------------++-------
 Cast: Magic Dart        ||    69
Armor: Robe              ||     2
Dodge: Dodged            ||    10
